AoeStats
← 17_Neo_

Arabia

508539495Analyzed
2v2 RM · 10d ago on Sep 22, 2026· 36m 55s· 4 players
Game mode
Random Map
Map size
Medium (4 player)
Population
200
Speed
Normal
Resources
Standard
Victory
Conquest
Starting age
Dark Age
Ending age
Imperial Age
RankedLock teamsTeams togetherTeam positionsShared explorationLock speedFull tech treeHidden civsTurbo modeCheats
Victory
Defeat
🇨🇴 Maya · Colombia
1386
+12
🇨🇴 Teutons · Colombia
1374
+12
🇦🇷 Khmer · Argentina
1287
-12
🇦🇷 Wu · Argentina
1287
-12
Sysif0
6:49 Loom
9:18 Feudal Age
13:51 Castle Age
18:41 Horse Collar
18:52 Double-Bit Axe
20:57 Bloodlines
21:09 Scale Barding Armor
23:00 Chain Barding Armor
24:11 Wheelbarrow
24:24 Husbandry
25:35 Town Watch
26:50 Hand Cart
26:54 Town Patrol
28:00 Forging
Rodri
6:39 Loom
9:34 Feudal Age
11:03 Town Watch
11:02 Man-at-Arms
14:37 Arson
21:34 Castle Age
22:19 Scale Mail Armor
22:30 Forging
23:41 Double-Bit Axe
25:35 Chain Mail Armor
26:08 Squires
29:37 Wheelbarrow
35:03 Iron Casting
17_Neo_
0:27 Loom
10:14 Feudal Age
10:48 Double-Bit Axe
10:43 Horse Collar
14:45 Fletching
22:06 Castle Age
20:38 Gold Mining
22:57 Bodkin Arrow
22:54 Crossbowman
24:13 Ballistics
24:31 Thumb Ring
25:25 Padded Archer Armor
32:12 Man-at-Arms
33:40 Forging
32:54 Long Swordsman
34:56 Iron Casting
35:20 Scale Mail Armor
35:56 Squires
RAGNAROK
13:02 Feudal Age
14:53 Wheelbarrow
18:01 Castle Age
16:21 Double-Bit Axe
16:38 Horse Collar
18:42 Forging
18:33 Pikeman
22:33 Squires
27:30 Scale Mail Armor
28:05 Iron Casting
35:55 Man-at-Arms
39:55 Imperial Age
37:13 Loom
37:49 Hand Cart
Connection lost

Rejoining the realm…

Still unreachable

The connection could not be restored.

Session expired

The server has moved on; the page needs a fresh start.